 Dungeon Sprint DCSS version 0.21.1-1-g345015f (webtiles) character file.

924 Fang the Cleaver (level 7, -12/78 HPs)
             Began as a Minotaur Berserker on May 31, 2018.
             Was a High Priest of Trog.
             Killed from afar by a manticore (14 damage)
             ... with a volley of spikes
             ... in the Dungeon (Sprint IX: "|||||||||||||||||||||||||||||").
             The game lasted 00:00:54 (708 turns).

Fang the Cleaver (Minotaur Berserker)                Turns: 708, Time: 00:00:55

Health: -12/78     AC:  2    Str: 23    XL:     7   Next: 84%
Magic:  6/6        EV: 16    Int:  7    God:    Trog [*****.]
Gold:   0          SH:  0    Dex: 13    Spells: 6/6 levels left

rFire    . . .     SeeInvis .   n - +1 broad axe (freeze)
rCold    . . .     Gourm    .   (no shield)
rNeg     . . .     Faith    .   b - +0 animal skin
rPois    .         Spirit   .   (helmet restricted)
rElec    .         Reflect  .   (no cloak)
rCorr    .         Harm     .   (no gloves)
MR       .....     NoTele   +   (no boots)
Stlth    ++........             (no amulet)
HPRegen  0.23/turn              o - +3 ring of intelligence
MPRegen  0.10/turn              p - +3 ring of dexterity

@: barbed spikes, berserk cooldown, slowed, very slow
A: retaliatory headbutt, horns 2
a: Berserk, Trog's Hand, Brothers in Arms, Burn Spellbooks, Renounce Religion


You were in the Dungeon.
You worshipped Trog.
Trog was extremely pleased with you.
You were very hungry.

You visited 1 branch

Inventory:

Hand Weapons
 a - a +0 hand axe
 n - a +1 broad axe of freezing (weapon)
Armour
 b - a +0 animal skin (worn)
Jewellery
 o - a +3 ring of intelligence (left hand)
 p - a +3 ring of dexterity (right hand)
Wands
 m - a wand of iceblast (10)
Scrolls
 i - 2 scrolls of blinking
 l - 3 scrolls of remove curse
Potions
 d - 5 potions of curing
 e - 3 potions of heal wounds
 f - a potion of haste
 g - 4 potions of magic
 h - a potion of berserk rage
 k - a potion of invisibility
Comestibles
 c - a ration


   Skills:
 + Level 12.3 Fighting
 + Level 13.3 Axes
 + Level 5.6 Armour
 + Level 7.3 Dodging
 + Level 2.6 Stealth


You had 6 spell levels left.
You didn't know any spells.

Dungeon Overview and Level Annotations

Branches:
Dungeon (1/1)

Altars:
Cheibriados
Dithmenos
Elyvilon
Fedhas
Gozag
Hepliaklqana
Kikubaaqudgha
Makhleb
Nemelex Xobeh
Okawaru
Qazlal
Ru
Sif Muna
Trog
Uskayaw
Vehumet
Wu Jian
Xom
Yredelemnul
Zin
The Shining One
Beogh
Jiyva
Lugonu


Innate Abilities, Weirdness & Mutations

You reflexively headbutt those who attack you in melee.
You have a pair of horns on your head.


Message History

Unknown command.
You feel a strong urge to attack something.
You are no longer berserk.
You are exhausted.
You feel yourself slow down.
The manticore flicks its tail.
The volley of spikes misses you.
Unknown command.
The barbs in your skin will harm you if you move.
Continue?
Okay, then.
Unknown command.
The manticore flicks its tail.
The volley of spikes misses you.
You carefully extract the barbed spikes from your body.
The manticore flicks its tail.
The volley of spikes misses you.
The manticore flicks its tail.
The volley of spikes hits you!
The barbed spikes become lodged in your body.
You die...

▓.▓
▓'▓
▓.▓
▓.▓
▓.▓
▓.▓
▓.▓
▓.▓
▓@▓
▓)▓
▓H▓
▓l▓
▓h▓
▓F▓
▓.▓
▓+▓


You could see a manticore, a bullfrog, a howler monkey and an iguana.

Vanquished Creatures
  A tengu warrior (D)
  A sky beast (D)
  An ogre (D)
  A big kobold (D)
  A jelly (D)
  A worker ant (D)
  2 adders (D)
  An adder skeleton (D)
  2 orcs (D)
  A bat skeleton (D)
  A bat zombie (D)
  A goblin (D)
  A hobgoblin (D)
  2 kobolds (D)
  A rat (D)
18 creatures vanquished.

Notes
Turn   | Place    | Note
-------+----------+-------------------------------------------
     0 | D        | Fang the Minotaur Berserker began the quest for the Orb.
     0 | D        | Reached XP level 1. HP: 19/19 MP: 0/0
     8 | D        | Reached skill level 4 in Axes
    14 | D        | Reached ** piety under Trog
   335 | D        | Noticed a sky beast
   335 | D        | Noticed an ogre
   340 | D        | Killed a sky beast
   340 | D        | Reached *** piety under Trog
   340 | D        | Reached skill level 7 in Axes
   340 | D        | Reached XP level 2. HP: 34/34 MP: 1/1
   340 | D        | Reached XP level 3. HP: 39/39 MP: 2/2
   340 | D        | Reached XP level 4. HP: 47/47 MP: 3/3
   345 | D        | Killed an ogre
   345 | D        | Reached skill level 9 in Axes
   345 | D        | Reached skill level 1 in Stealth
   345 | D        | Reached XP level 5. HP: 56/56 MP: 4/4
   430 | D        | Found a roughly hewn altar of Beogh.
   430 | D        | Found a snail-covered altar of Cheibriados.
   430 | D        | Found a shadowy altar of Dithmenos.
   430 | D        | Found a white marble altar of Elyvilon.
   430 | D        | Found a blossoming altar of Fedhas.
   430 | D        | Found an opulent altar of Gozag.
   431 | D        | Found a hazy altar of Hepliaklqana.
   432 | D        | Found a viscous altar of Jiyva.
   433 | D        | Found an ancient bone altar of Kikubaaqudgha.
   434 | D        | Found a corrupted altar of Lugonu.
   435 | D        | Found a burning altar of Makhleb.
   436 | D        | Found a sparkling altar of Nemelex Xobeh.
   437 | D        | Found an iron altar of Okawaru.
   438 | D        | Found a stormy altar of Qazlal.
   439 | D        | Found a sacrificial altar of Ru.
   440 | D        | Found a deep blue altar of Sif Muna.
   441 | D        | Found a bloodstained altar of Trog.
   442 | D        | Found a hide-covered altar of Uskayaw.
   443 | D        | Found a radiant altar of Vehumet.
   444 | D        | Found an ornate altar of the Wu Jian Council.
   445 | D        | Found a shimmering altar of Xom.
   446 | D        | Found a basalt altar of Yredelemnul.
   447 | D        | Found a glowing silver altar of Zin.
   448 | D        | Found a glowing golden altar of the Shining One.
   483 | D        | Reached **** piety under Trog
   490 | D        | Reached skill level 10 in Axes
   490 | D        | Reached skill level 5 in Dodging
   494 | D        | Reached ***** piety under Trog
   690 | D        | Noticed a tengu warrior
   690 | D        | Noticed a manticore
   699 | D        | Killed a tengu warrior
   699 | D        | Reached skill level 13 in Axes
   699 | D        | Reached skill level 5 in Armour
   699 | D        | Reached XP level 6. HP: 24/70 MP: 5/5
   699 | D        | Reached XP level 7. HP: 26/77 MP: 6/6
   704 | D        | HP: 1/117 [manticore/volley of spikes (21)]
   708 | D        | Killed from afar by a manticore

Skill      XL: |  1  2  3  4  5 |
---------------+----------------+-----
Fighting       | 7 8 12 | 12.3
Axes           | 7 9 13 | 13.3
Armour         | 3 4 5 |  5.6
Dodging        | 3 4 7 |  7.3
Stealth        | 1 2 |  2.6

Action                   |  1- 3 |  4- 6 |  7- 9 || total
-------------------------+-------+-------+-------++-------
Melee: Hand axe          |    21 |     7 |       ||    28
       Headbutt          |     1 |     6 |       ||     7
       Broad axe         |       |    21 |     4 ||    25
Invok: Berserk           |     1 |     2 |       ||     3
  Eat: Chunk             |       |     1 |       ||     1
Armor: Animal skin       |       |     2 |       ||     2
Dodge: Dodged            |     9 |    18 |     5 ||    32
